 Dungeon Crawl Stone Soup version 0.30-a0-1043-g60ff8d5f49 (webtiles) character file.

Game seed: 16113346224651025385

2221 DeathPants the Stinger (level 9, -10/68 HPs)
             Began as a Naga Venom Mage on Apr 10, 2023.
             Was a Priest of Kikubaaqudgha.
             Killed from afar by a steam dragon (14 damage)
             ... with a ball of steam
             ... on level 7 of the Dungeon.
             The game lasted 00:28:16 (7475 turns).

DeathPants the Stinger (Naga Venom Mage)            Turns: 7475, Time: 00:28:17

Health: -10/68     AC: 17    Str: 12    XL:     9   Next: 35%
Magic:  16/16      EV:  8    Int: 18    God:    Kikubaaqudgha [***...]
Gold:   365        SH:  5    Dex: 12    Spells: 1/18 levels left

rFire   . . .      SeeInvis +    I - +0 lajatang (protect)
rCold   . . .      Faith    .    (shield currently unavailable)
rNeg    . . .      Spirit   .    m - +0 robe
rPois   +          Reflect  +    (no helmet)
rElec   .          Rampage  .    (no cloak)
rCorr   .                        l - +1 Delatra's gloves {ID++}
Will    ++...                    c - +3 barding
Stlth   ++                       y - amulet of reflection
HPRegen 0.31/turn                p - ring of willpower
MPRegen 0.15/turn                u - +4 ring of protection

@: very slow
A: AC +3, large, see invisible, deformed body, poison resistance, slowness 2,
spit poison 1, naga tail 1
a: Spit Poison, Renounce Religion, Unearth Wretches


You were on level 7 of the Dungeon.
You worshipped Kikubaaqudgha.
Kikubaaqudgha was most pleased with you.
You visited 2 branches of the dungeon, and saw 9 of its levels.
You also visited: Ossuary.

You collected 365 gold pieces.

Inventory:

Hand Weapons
 a - a +1 war axe of electrocution
 b - a +0 morningstar of electrocution
 d - a +0 mace
 f - a +0 rapier
 I - a +0 lajatang of protection (weapon)
Missiles
 i - 6 silver javelins
 r - 20 poisoned darts
 s - 11 boomerangs
 D - a curare-tipped dart
Armour
 c - a +3 barding (worn)
 l - the +1 Delatra's gloves (worn) {ID++}
   (You found it on level 6 of the Dungeon)

   ID++:      It heals its wearer when they drink unknown potions, and restores
   their MP when they read unknown scrolls.
 m - a +0 robe (worn)
 x - a +0 pair of gloves
Magical Staves
 j - a staff of death
Jewellery
 p - a ring of willpower (left hand)
 u - a +4 ring of protection (right hand)
 y - an amulet of reflection (around neck)
Wands
 w - a wand of paralysis (11)
 B - a wand of roots (7)
 J - a wand of polymorph (13)
Scrolls
 k - a scroll of magic mapping
 n - a scroll of poison {unknown}
 q - a scroll of fear {unknown}
Potions
 e - 2 potions of brilliance
 g - a potion of cancellation {unknown}
 h - 6 potions of curing
 o - 4 potions of flight
 t - 3 potions of magic
 v - a potion of might {unknown}
 z - 2 potions of degeneration {unknown}
 A - a potion of lignification {unknown}
 C - 2 potions of resistance {unknown}
 E - a potion of heal wounds
 G - 2 potions of mutation {unknown}


   Skills:
 - Level 1.5 Dodging
 - Level 3.0 Stealth
 - Level 5.0 Spellcasting
 - Level 4.0 Conjurations
 + Level 5.7 Transmutations
 + Level 5.6 Fire Magic
 - Level 4.0 Air Magic
 - Level 7.0 Poison Magic


You had one spell level left.
You knew the following spells:

 Your Spells              Type           Power      Damage    Failure   Level
a - Sting                 Tmut/Pois      100%       1d8       1%          1
b - Poisonous Vapours     Pois/Air       48%        N/A       1%          2
c - Mephitic Cloud        Conj/Pois/Air  22%        N/A       4%          3
d - Olgreb's Toxic Radia  Pois           29%        N/A       8%          4
e - Ignite Poison         Fire/Tmut/Pois 26%        N/A       3%          3
f - Animate Dead          Necr           4%         N/A       78%         4

Your spell library contained the following spells:

 Spells                   Type           Power      Damage    Failure   Level
 Necrotise                Necr           16%        1d4       13%         1
 Cigotuvi's Dreadful Rot  Necr/Pois/Air  34%        N/A       4%          2
 Volatile Blastmotes      Fire/Tloc      28%        2d12      13%         3
 Dazzling Flash           Conj/Hex       22%        N/A       17%         3
 Vhi's Electric Charge    Tloc/Air       22%        N/A       17%         3
 Sticky Flame             Conj/Fire      21%        2d4       19%         4
 Alistair's Intoxication  Tmut/Pois      18%        N/A       26%         5
 Vampiric Draining        Necr           4%         2d6       36%         3
 Iskenderun's Mystic Bla  Conj/Tloc      11%        2d4       50%         4
 Arcjolt                  Conj/Air       9%         1d19      56%         5
 Anguish                  Hex/Necr       2%         N/A       78%         4
 Dispel Undead            Necr           4%         3d7       78%         4
 Eringya's Noxious Bog    Tmut/Pois      13%        N/A       83%         6
 Plasma Beam              Fire/Air       10%        2x1d23    96%         6
 Starburst                Conj/Fire      10%        6d5       96%         6
 Borgnjor's Vile Clutch   Necr/Erth      2%         N/A       98%         5
 Death Channel            Necr           2%         N/A       100%        6
 Ignition                 Fire           12%        3d6       100%        8


Dungeon Overview and Level Annotations

Branches:
Dungeon (8/15)             Temple (1/1) D:6         Ossuary (visited)
   Lair: D:8-11

Altars:
Elyvilon
Fedhas
Gozag
Hepliaklqana
Kikubaaqudgha
Makhleb
Nemelex Xobeh
Ru
Trog
Uskayaw
Vehumet
Wu Jian
Xom
Yredelemnul
The Shining One

Shops:
D:3 [   D:6 [   D:7 [


Innate Abilities, Weirdness & Mutations

Your serpentine skin is tough. (AC +3)
You have supernaturally acute eyesight. (SInv)
Armour fits poorly on your strangely shaped body.
Your system is resistant to poisons. (rPois)
You cover ground very slowly.
You can spit poison.
You have a snake-like lower body.


Message History

The steam dragon is lightly wounded.
The steam dragon breathes steam at you. The ball of steam hits you.
You closely miss the steam dragon.
The steam dragon is lightly wounded.
You are engulfed in a cloud of scalding steam.
The steam dragon bites you!
* * * LOW HITPOINT WARNING * * *
You block the steam dragon's attack. The steam dragon bites you.
* * * LOW HITPOINT WARNING * * *
The steam dragon closely misses you. You block the steam dragon's attack.
The steam dragon completely misses you.
You see here a bullfrog corpse.
You hit the steam dragon but do no damage.
Your weapon exudes an aura of protection.
The steam dragon is lightly wounded.
The steam dragon bites you but does no damage.
The steam dragon claws you but does no damage.
You slash the steam dragon!
The steam dragon is heavily wounded.
The steam dragon bites you but does no damage.
You block the steam dragon's attack. The steam dragon breathes steam at you.
The ball of steam hits you!
* * * LOW HITPOINT WARNING * * *
You closely miss the steam dragon.
The steam dragon is heavily wounded.
You are engulfed in a cloud of scalding steam.
The steam dragon bites you but does no damage.
The steam dragon claws you but does no damage.
The steam dragon completely misses you.
The steam dragon claws you but does no damage.
You closely miss the steam dragon.
The steam dragon is heavily wounded.
The steam dragon barely misses you. x2
The steam dragon breathes steam at you. The ball of steam hits you!
You die...
Kikubaaqudgha rasps: "You have failed me!
Welcome... death!"

.......#......##.....
.......................
.........:........).....
#........................
#......##................
#......##......§.........
#.......§.8##§.§.........
#.........§§.†D..........
#.......>..§#@.......(...
###.......#####.........
#..[[∩[...# #§..######
#......[).# #.§.#
#..<).....# #...#
#.........# #####
#8.....#### ########


You could see a steam dragon (catching breath).

Vanquished Creatures
  Menkaure (D:6)
  Edmund (D:6)
  An orc warrior (D:6)
  A sky beast (D:7)
  An ice beast (D:6)
  3 ogres
  2 phantoms
  3 kobold brigands
  2 bullfrogs
  A scorpion (D:6)
  A wight (D:7)
  A hound (D:6)
  2 orc priests
  5 human zombies (Ossuary)
  A sleepcap (D:5)
  Natasha (D:3)
  Terence (D:3)
  5 iguanas
  8 orc wizards
  2 mummies (Ossuary)
  5 adders
  A white imp (D:6)
  An ufetubus (D:5)
  2 adder zombies (Ossuary)
  A worm (D:3)
  28 orcs
  4 bats
  5 endoplasms
  5 hobgoblins
  6 jackals
  2 quokkas
  6 ball pythons
  5 goblins
  2 goblin zombies (Ossuary)
  9 hobgoblin zombies (Ossuary)
  18 kobolds
  10 kobold zombies (Ossuary)
  7 orc zombies (Ossuary)
  6 rats
  3 rat zombies
169 creatures vanquished.

Vanquished Creatures (others)
  A human (D:5)
1 creature vanquished.

Grand Total: 170 creatures vanquished

Notes
Turn   | Place    | Note
-------+----------+-------------------------------------------
     0 | D:1      | DeathPants the Naga Venom Mage began the quest for the Orb.
     0 | D:1      | Reached XP level 1. HP: 15/15 MP: 3/3
   188 | D:1      | You fall into a shaft and drop 1 floor!
   321 | D:1      | Reached XP level 2. HP: 22/22 MP: 1/5
   556 | D:2      | Reached skill level 5 in Poison Magic
   992 | D:2      | Reached XP level 3. HP: 13/28 MP: 3/6
  1438 | D:3      | Reached skill level 6 in Poison Magic
  1527 | D:3      | Reached XP level 4. HP: 14/36 MP: 1/7
  1683 | D:4      | Noticed a phantom
  1708 | D:4      | Killed a phantom
  1709 | D:4      | Reached skill level 7 in Poison Magic
  1709 | D:4      | Reached XP level 5. HP: 33/42 MP: 7/9
  1740 | D:3      | Learned a level 2 spell: Poisonous Vapours
  1745 | D:3      | Learned a level 4 spell: Olgreb's Toxic Radiance
  1794 | D:3      | Found Ginn's Antique Armour Shop.
  1856 | D:3      | Noticed Natasha
  1867 | D:3      | Killed Natasha
  1868 | D:3      | Reached skill level 1 in Air Magic
  1949 | D:3      | Noticed Terence
  1956 | D:3      | Learned a level 3 spell: Mephitic Cloud
  1962 | D:3      | Killed Terence
  2045 | D:3      | Found a radiant altar of Vehumet.
  2382 | D:5      | Entered Level 5 of the Dungeon
  2430 | D:6      | Noticed an ogre
  2430 | D:6      | Found a staircase to the Ecumenical Temple.
  2554 | D:6      | Reached XP level 6. HP: 25/49 MP: 10/10
  2940 | D:5      | Found an ancient bone altar of Kikubaaqudgha.
  2940 | D:5      | Noticed a human
  2944 | D:5      | Killed a human
  2946 | D:5      | Became a worshipper of Kikubaaqudgha
  2972 | D:5      | Found a sand-covered staircase.
  2981 | Ossuary  | Entered an ossuary
  3107 | Ossuary  | Reached skill level 1 in Conjurations
  3110 | Ossuary  | Reached * piety under Kikubaaqudgha
  3110 | Ossuary  | Received a gift from Kikubaaqudgha
  3180 | Ossuary  | Reached XP level 7. HP: 50/55 MP: 11/11
  3770 | D:4      | Learned a level 3 spell: Ignite Poison
  3877 | D:4      | Reached ** piety under Kikubaaqudgha
  4470 | D:5      | Identified a scroll of acquirement
  4470 | D:5      | Acquired a staff of death
  4930 | D:6      | Reached XP level 8. HP: 62/62 MP: 1/15
  5174 | D:6      | Reached skill level 5 in Spellcasting
  5174 | D:6      | Reached skill level 1 in Fire Magic
  5663 | D:6      | Noticed Edmund
  5688 | D:6      | Killed Edmund
  6039 | Temple   | Entered the Ecumenical Temple
  6309 | D:6      | Learned a level 4 spell: Animate Dead
  6440 | D:6      | Reached XP level 9. HP: 60/68 MP: 12/16
  6497 | D:6      | Noticed Menkaure
  6507 | D:6      | Killed Menkaure
  6729 | D:6      | Reached skill level 5 in Transmutations
  6987 | D:6      | Found Teretemo's Armour Emporium.
  7126 | D:6      | Reached skill level 5 in Fire Magic
  7171 | D:6      | Found the +1 Delatra's gloves {ID++}
  7226 | D:7      | Found Ruihiehi's Antique Armour Boutique.
  7387 | D:7      | Reached *** piety under Kikubaaqudgha
  7387 | D:7      | Received a gift from Kikubaaqudgha
  7472 | D:7      | HP: 3/68 [steam dragon/ball of steam (13)]
  7475 | D:7      | Killed from afar by a steam dragon

Illustrated notes

Levels and vault maps discovered:
D:1:      minmay_arrival_open_corners, layout_rooms, feat_on_display
D:2:      layout_basic, serial_park_tiny_pond
D:3:      layout_loops_cross, mainiacjoe_overflow_six_doors_small, serial_shops,
          nicolae_shop_statue_plus, uniq_terence, uniq_natasha
D:4:      wander_river, layout_basic
D:5:      layout_basic, tgw_kikubaaqudgha, enter_ossuary_3
D:6:      layout_loops_ring, minmay_temple_entry_purple_smoke, serial_shops,
          shop, pf_guarded_unrand_delatra, uniq_edmund, uniq_menkaure
D:7:      layout_basic, minmay_overflow_temple_star_quad, serial_shops,
          kennysheep_mini_moat, nicolae_stop_n_shop_1
D:8:      layout_rooms, uniq_maggie
Temple:   nicolae_temple_bog_church

Skill      XL: |  1  2  3  4  5  6  7  8  9 |
---------------+----------------------------+-----
Poison Magic   | 5 6 7 |  7.0
Spellcasting   | 3 4 5 |  5.0
Air Magic      | 2 4 |  4.0
Conjurations   | 2 4 |  4.0
Fire Magic     | 4 5 |  5.6
Transmutations | 4 5 |  5.7
Dodging        | |  1.5
Stealth        | |  3.0

Action                     |  1- 3 |  4- 6 |  7- 9 || total
---------------------------+-------+-------+-------++-------
  Melee: Rapier            |     4 |       |       ||     4
         War axe           |    46 |   106 |    77 ||   229
         Punch             |       |     1 |     5 ||     6
         Morningstar       |       |       |    51 ||    51
         Lajatang          |       |       |   211 ||   211
   Cast: Sting             |    47 |    24 |    23 ||    94
         Mephitic Cloud    |       |     4 |     6 ||    10
         Poisonous Vapours |       |     2 |    49 ||    51
         Olgreb's Toxic Ra |       |       |    10 ||    10
    Use: Scroll            |     5 |     2 |    13 ||    20
         Potion            |     1 |       |     2 ||     3
   Stab: Sleeping          |     2 |     2 |       ||     4
         Confused          |       |       |     1 ||     1
 Armour: Robe              |    47 |    63 |   278 ||   388
  Dodge: Dodged            |    37 |    43 |   126 ||   206
  Block: Other             |       |    17 |   100 ||   117

Table legend: (Time is in decaauts)
 A = Elapsed time spent in this place.
 B = Non-inter-level travel time spent in this place.
 C = Inter-level travel time spent in this place.
 D = Time resting spent in this place.
 E = Time spent auto-exploring this place.
 F = Levels seen in this place.
 G = Mean time per level.
                   A        B        C        D        E       F      G
               +--------+--------+--------+--------+--------+-----+--------+
         Total |   9239 |   9008 |    231 |    994 |   5522 |  10 |  923.9 |
       Dungeon |   8463 |   8265 |    198 |    994 |   5183 |   8 | 1057.9 |
        Temple |    284 |    252 |     32 |      0 |    233 |   1 |  284.0 |
       Ossuary |    491 |    491 |      0 |      0 |    105 |   1 |  491.0 |
               +--------+--------+--------+--------+--------+-----+--------+

Top non-repeatable levels by time:
     D:5: 2480 daAuts
     D:6: 1799 daAuts
     D:3: 1267 daAuts
     D:4: 1139 daAuts
     D:2: 830 daAuts
     D:1: 746 daAuts
 Ossuary: 491 daAuts
  Temple: 284 daAuts
     D:7: 191 daAuts
     D:8: 7 daAuts
